 Dungeon Crawl Stone Soup version 0.29-a0-690-g32ab5fea29 (webtiles) character file.

Game seed: 11297875844847138888

29 1stPlace the Poker (level 3, -9/49 HPs)
             Began as a Minotaur Berserker on June 25, 2022.
             Was a Follower of Trog.
             Mangled by Terence
             ... wielding a +2 short sword of speed
              (11 damage)
             ... on level 2 of the Dungeon.
             The game lasted 00:01:31 (1435 turns).

1stPlace the Poker (Minotaur Berserker)             Turns: 1435, Time: 00:01:31

Health: -9/49      AC:  2    Str: 23    XL:     3   Next: 1%
Magic:  2/2        EV: 12    Int:  4    God:    Trog [*.....]
Gold:   65         SH:  0    Dex:  9    Spells: 2/2 levels left

rFire   . . .      SeeInvis .   a - +0 spear
rCold   . . .      Faith    .   (no shield)
rNeg    . . .      Spirit   .   b - +0 animal skin
rPois   .          Reflect  .   (helmet restricted)
rElec   .          Harm     .   (no cloak)
rCorr   .          Rampage  .   (no gloves)
Will    .....                   (no boots)
Stlth   ..........              (no amulet)
HPRegen 0.16/turn               (no ring)
MPRegen 0.08/turn               (no ring)

@: berserking, very quick
A: horns 2, retaliatory headbutt
a: Renounce Religion, Berserk


You were on level 2 of the Dungeon.
You worshipped Trog.
Trog was aware of your devotion.
You visited 1 branch of the dungeon, and saw 2 of its levels.

You collected 65 gold pieces.

Inventory:

Hand Weapons
 a - a +0 spear (weapon)
Armour
 b - a +0 animal skin (worn)
Jewellery
 f - a +6 ring of intelligence
Potions
 c - a potion of flight {unknown}
 d - 2 potions of cancellation {unknown}
 e - a potion of mutation {unknown}


   Skills:
 + Level 4.0 Fighting
 + Level 4.0 Polearms
 + Level 3.0 Armour
 + Level 2.6 Dodging


You had 2 spell levels left.
You didn't know any spells.
Your spell library was empty.

Dungeon Overview and Level Annotations

Branches:
Dungeon (2/15)

Altars:

Annotations:
D:2 Terence


Innate Abilities, Weirdness & Mutations

You have a pair of horns on your head.
You reflexively headbutt those who attack you in melee.


Message History

Terence is nearby!
Terence is nearby!
You reach to attack!
You hit Terence but do no damage. You barely miss Terence. Terence misses you.
You hit Terence but do no damage. You headbutt Terence.
Terence is lightly wounded.
Terence closely misses you.
You hit Terence but do no damage. Your headbutt misses Terence.
Terence is lightly wounded.
Terence closely misses you.
You barely miss Terence. You headbutt Terence, but do no damage.
Terence is lightly wounded.
Terence hits you with a +2 short sword of speed.
You hit Terence.
Terence is moderately wounded.
Terence hits you with a +2 short sword of speed. x2
You barely miss Terence.
Terence is moderately wounded.
Terence hits you but does no damage.
You hit Terence but do no damage.
Terence is moderately wounded.
Terence closely misses you.
A red film seems to cover your vision as you go berserk!
You feel yourself moving faster!
You feel mighty! Terence barely misses you.
Terence hits you with a +2 short sword of speed.
You barely miss Terence.
Terence is moderately wounded.
Terence hits you with a +2 short sword of speed.
You closely miss Terence.
Terence is moderately wounded.
Terence hits you with a +2 short sword of speed!
* * * LOW HITPOINT WARNING * * *
You hit Terence.
Terence is heavily wounded.
Terence hits you with a +2 short sword of speed.
* * * LOW HITPOINT WARNING * * *
You hit Terence. You headbutt Terence.
Terence is almost dead.
Terence hits you with a +2 short sword of speed!
You die...

#..... #.######.# #.#
#.....###.## #.# #.#
##..........# #.#####.#
............# #...†...#
............#############
............##........
....................^.
##.#+#.)..............
.......>......@@......
................######
.....>..†.†.....#
...................
....................
....................#
....................#
....................
....#....###+####


You could see Terence.

Vanquished Creatures
  An adder (D:2)
  A worm (D:2)
  A giant cockroach (D:2)
  A kobold (D:2)
  A quokka (D:2)
  3 ball pythons (D:1)
  3 bats
  A frilled lizard (D:1)
  3 goblins
  4 rats
19 creatures vanquished.

Notes
Turn   | Place    | Note
-------+----------+-------------------------------------------
     0 | D:1      | 1stPlace the Minotaur Berserker began the quest for the
                  | Orb.
     0 | D:1      | Reached XP level 1. HP: 19/19 MP: 0/0
   643 | D:1      | Found a faded altar of an unknown god.
   656 | D:1      | Reached XP level 2. HP: 14/27 MP: 1/1
  1415 | D:2      | Reached XP level 3. HP: 33/33 MP: 2/2
  1420 | D:2      | Noticed Terence
  1434 | D:2      | HP: 2/49 [Terence/+2 short sword of speed (6)]
  1435 | D:2      | Mangled by Terence

Illustrated notes

Levels and vault maps discovered:
D:1:      saegor_arrival_fortress, layout_loops_ring,
          ebering_ecumenical_altar_box
D:2:      layout_basic, uniq_terence

Skill      XL: |  1  2 |
---------------+-------+-----
Fighting       | 4 |  4.0
Polearms       | 4 |  4.0
Armour         | 3 |  3.0
Dodging        | |  2.6

Action                   || total
-------------------------++-------
Melee: Spear             ||    75
       Headbutt          ||     7
Invok: Berserk           ||     1
Armor: Animal skin       ||     6
Dodge: Dodged            ||    35

Table legend: (Time is in decaauts)
 A = Elapsed time spent in this place.
 B = Non-inter-level travel time spent in this place.
 C = Inter-level travel time spent in this place.
 D = Time resting spent in this place.
 E = Time spent auto-exploring this place.
 F = Levels seen in this place.
 G = Mean time per level.
                   A        B        C        D        E       F      G
               +--------+--------+--------+--------+--------+-----+--------+
         Total |   1427 |   1398 |     29 |      0 |   1247 |   2 |  713.5 |
       Dungeon |   1427 |   1398 |     29 |      0 |   1247 |   2 |  713.5 |
               +--------+--------+--------+--------+--------+-----+--------+

Top non-repeatable levels by time:
     D:1: 1260 daAuts
     D:2: 167 daAuts
